 Dungeon Crawl Stone Soup version 0.28.0-45-g0d030f2227 (webtiles) character file.

Game seed: 3698292670523468930

1889 CuBeRJAN3 the Basher (level 9, -4/70 HPs)
             Began as a Human Cinder Acolyte on Apr 6, 2022.
             Was a Believer of Ignis.
             Shot with an arrow by a centaur (9 damage)
             ... on level 6 of the Dungeon on Apr 8, 2022.
             The game lasted 00:25:15 (9592 turns).

CuBeRJAN3 the Basher (Human Cinder Acolyte)         Turns: 9592, Time: 00:25:15

Health: -4/70      AC:  7    Str: 15    XL:     9   Next: 37%
Magic:  10/10      EV: 16    Int: 17    God:    Ignis [**....]
Gold:   142        SH:  0    Dex: 13    Spells: 10/10 levels left

rFire   + . .      SeeInvis .   k - +1 flail (holy)
rCold   . . .      Faith    .   (no shield)
rNeg    . . .      Spirit   .   h - +2 ring mail of Acrathea {Int+3}
rPois   .          Reflect  .   (no helmet)
rElec   .          Harm     .   (no cloak)
rCorr   .          Rampage  .   (no gloves)
Will    .....                   (no boots)
Stlth   +.........              (no amulet)
HPRegen 0.21/turn               l - +4 ring of evasion
MPRegen 0.12/turn               (no ring)

@: no status effects
A: no striking features
a: Renounce Religion, Fiery Armour, Foxfire Swarm


You were on level 6 of the Dungeon.
You worshipped Ignis.
Ignis was pleased with you.
You visited 2 branches of the dungeon, and saw 7 of its levels.

You collected 142 gold pieces.

Inventory:

Hand Weapons
 a - a +0 mace of flaming
 k - a +1 flail of holy wrath (weapon)
Missiles
 e - a throwing net (quivered)
 p - 4 curare-tipped darts
Armour
 b - a +0 robe
 h - the +2 ring mail of Acrathea (worn) {Int+3}
   (You found it on level 2 of the Dungeon)

   Int:       It affects your intelligence (+3).
Jewellery
 l - a +4 ring of evasion (left hand)
Scrolls
 d - 4 scrolls of teleportation
 i - 3 scrolls of amnesia
 m - 2 scrolls of acquirement {unknown}
 n - a scroll of enchant armour {unknown}
 o - a scroll of magic mapping {unknown}
 q - a scroll of noise {unknown}
 r - a scroll of holy word {unknown}
Potions
 f - 2 potions of resistance
 g - a potion of heal wounds {unknown}
 j - a potion of degeneration {unknown}
 t - 2 potions of ambrosia {unknown}


   Skills:
 + Level 6.3 Fighting
 * Level 8.4 Maces & Flails
 + Level 2.7 Armour
 + Level 5.4 Dodging
 - Level 1.0 Spellcasting
 - Level 3.0 Fire Magic


You had 10 spell levels left.
You didn't know any spells.
Your spell library contained the following spells:

 Spells                   Type           Power      Damage    Failure   Level
 Scorch                   Fire           22%        2d6       19%         2
 Pain                     Necr           0%         1d4       38%         1
 Sandblast                Erth           0%         2d4       38%         1
 Passwall                 Tmut/Erth      0%         N/A       52%         2
 Stone Arrow              Conj/Erth      0%         3d7       77%         3
 Tukima's Dance           Hex            0%         N/A       77%         3
 Leda's Liquefaction      Hex/Erth       0%         N/A       99%         4
 Passage of Golubria      Tloc           0%         N/A       99%         4
 Agony                    Necr           0%         N/A       100%        5
 Excruciating Wounds      Necr           0%         N/A       100%        5
 Lee's Rapid Deconstruct  Erth           0%         3d5*      100%        5
 Yara's Violent Unravell  Hex/Tmut       0%         3d3       100%        5
 Statue Form              Tmut/Erth      0%         N/A       100%        6


Dungeon Overview and Level Annotations

Branches:
Dungeon (6/15)             Temple (1/1) D:4

Altars:
Ashenzari
Cheibriados
Elyvilon
Gozag
Hepliaklqana
Kikubaaqudgha
Makhleb
Ru
Sif Muna
Uskayaw
Xom
Zin


Message History

The centaur wields a +0 shortbow.
The centaur shoots an arrow.
The arrow hits you.
The centaur shoots an arrow.
The arrow hits you.
The centaur shoots an arrow.
The arrow misses you.
The centaur shoots an arrow.
The arrow hits you.
The centaur shoots an arrow.
The arrow hits you.
The centaur shoots an arrow.
The arrow hits you.
The centaur shoots an arrow.
The arrow hits you!
The centaur shoots an arrow.
The arrow misses you.
The centaur shoots an arrow.
The arrow closely misses you.
The centaur shoots an arrow.
The arrow barely misses you.
The centaur shoots an arrow.
The arrow hits you.
There is a stone staircase leading down here.
The centaur shoots an arrow.
The arrow closely misses you.
The centaur shoots an arrow.
The arrow misses you.
The centaur shoots an arrow.
The arrow hits you!
* * * LOW HITPOINT WARNING * * *
The centaur shoots an arrow.
The arrow closely misses you.
The centaur shoots an arrow.
The arrow hits you!
* * * LOW HITPOINT WARNING * * *
A centaur is nearby!
The centaur shoots an arrow.
The arrow barely misses you.
The centaur shoots an arrow.
The arrow closely misses you.
A centaur is nearby!
The centaur shoots an arrow.
The arrow hits you.
* * * LOW HITPOINT WARNING * * *
The centaur shoots an arrow.
The arrow barely misses you.
A centaur is nearby!
A centaur is nearby!
The centaur shoots an arrow.
The arrow completely misses you.
The centaur shoots an arrow.
The arrow closely misses you.
The centaur shoots an arrow.
The arrow hits you but does no damage.
The centaur shoots an arrow.
The arrow hits you.
* * * LOW HITPOINT WARNING * * *
The centaur shoots an arrow.
The arrow hits you.
* * * LOW HITPOINT WARNING * * *
The centaur shoots an arrow.
The arrow hits you!
* * * LOW HITPOINT WARNING * * *
The centaur shoots an arrow.
The arrow hits you!
You die...

###########
#..........
#..........
######..........
#...............
#c####........).
#.# #..........
###.# ##.........
#@#.# #.........
#.#.#####.........
#.#....##.........
#.####c##....c....
#.# #.##......(..
#.# #.##.........
##c####.##.........
#.....c.#########>.
######### #.#


You could see a centaur.

Vanquished Creatures
  Eustachio (D:5)
  Menkaure (D:5)
  A water moccasin (D:4)
  A black bear (D:5)
  An ice beast (D:6)
  A sky beast (D:6)
  3 ogres
  A centaur (D:5)
  2 bullfrogs (D:5)
  3 scorpions
  A centaur zombie (D:5)
  4 hounds
  2 bullfrog skeletons
  A jelly (D:4)
  An orc priest (D:3)
  3 iguanas
  A scorpion zombie (D:5)
  An orc wizard (D:3)
  A hound zombie (D:5)
  A howler monkey zombie (D:6)
  7 gnolls
  A howler monkey skeleton (D:5)
  4 adders
  A shadow imp (D:5)
  An adder skeleton (D:4)
  A worm (D:3)
  A dart slug (D:4)
  10 orcs
  4 ball pythons
  5 endoplasms
  3 giant cockroaches
  9 goblins
  9 hobgoblins
  4 jackals
  9 kobolds
  A quokka (D:2)
  4 bats
  2 frilled lizards (D:2)
  6 rats
113 creatures vanquished.

Vanquished Creatures (others)
  58 foxfires
58 creatures vanquished.

Grand Total: 171 creatures vanquished

Notes
Turn   | Place    | Note
-------+----------+-------------------------------------------
     0 | D:1      | CuBeRJAN3 the Human Cinder Acolyte began the quest for the
                  | Orb.
     0 | D:1      | Reached XP level 1. HP: 18/18 MP: 2/2
   346 | D:1      | Reached XP level 2. HP: 6/24 MP: 3/3
  1392 | D:1      | Found a faded altar of an unknown god.
  1734 | D:2      | Reached XP level 3. HP: 24/29 MP: 4/4
  1796 | D:2      | Reached skill level 1 in Dodging
  2229 | D:2      | Noticed a scorpion
  2248 | D:2      | Killed a scorpion
  2249 | D:2      | Reached skill level 4 in Maces & Flails
  2249 | D:2      | Reached XP level 4. HP: 26/36 MP: 5/5
  2470 | D:2      | Identified the +2 ring mail of Acrathea {Int+3}
  2795 | D:2      | Reached XP level 5. HP: 34/42 MP: 6/6
  3306 | D:1      | You fall into a shaft and drop 1 floor!
  3695 | D:3      | Reached XP level 6. HP: 34/48 MP: 7/7
  3843 | D:3      | Noticed a +0 spear
  3846 | D:3      | Noticed a +0 short sword
  3846 | D:3      | Noticed a +0 falchion
  3847 | D:3      | Noticed a +0 dagger
  3847 | D:3      | Noticed a +0 falchion
  3848 | D:3      | Noticed a +0 dagger
  3848 | D:3      | Noticed a +0 short sword
  3848 | D:3      | Noticed a +0 spear
  3909 | D:3      | Found a hide-covered altar of Uskayaw.
  3995 | D:3      | Found a burning altar of Makhleb.
  4003 | D:3      | Reached skill level 5 in Maces & Flails
  4911 | D:3      | Reached XP level 7. HP: 38/55 MP: 8/8
  5300 | D:4      | Found a staircase to the Ecumenical Temple.
  5315 | Temple   | Entered the Ecumenical Temple
  5523 | D:4      | Reached skill level 6 in Maces & Flails
  5752 | D:4      | Reached skill level 5 in Fighting
  5993 | D:5      | Entered Level 5 of the Dungeon
  6013 | D:5      | Found a hazy altar of Hepliaklqana.
  6021 | D:4      | HP: 1/56 [ogre/+0 giant club (26)]
  6338 | D:4      | Reached XP level 8. HP: 37/62 MP: 9/9
  6585 | D:4      | HP: 3/62 [water moccasin (4)]
  6588 | D:4      | HP: 1/62 [poisoned by a water moccasin]
  6874 | D:5      | Reached skill level 7 in Maces & Flails
  6918 | D:5      | Noticed Eustachio
  7365 | D:5      | Noticed Menkaure
  7377 | D:5      | Killed Menkaure
  7378 | D:5      | Reached skill level 1 in Armour
  7617 | D:5      | Killed Eustachio
  7618 | D:5      | Reached XP level 9. HP: 69/69 MP: 10/10
  8038 | D:5      | Reached skill level 5 in Dodging
  8076 | D:5      | Reached skill level 8 in Maces & Flails
  9592 | D:6      | Shot with an arrow by a centaur

Illustrated notes

Levels and vault maps discovered:
D:1:      sevenhm_arrival_forest_fort_small_4, layout_loops_ring,
          ebering_ecumenical_altar_webs, chequers_serial_rivers_small_b,
          hangedman_decor_diamond_cutter
D:2:      layout_basic, palyth_stone_intersect, st_stairs_7
D:3:      layout_loops_ring, nicolae_uskayaw_en_pointe,
          mainiacjoe_overflow_concentric_impassable
D:4:      wad_pebble_path, layout_cave_pools, minmay_temple_entry_mist
D:5:      layout_basic, mainiacjoe_overflow_cross_hatched, uniq_eustachio,
          uniq_menkaure
D:6:      lemuel_slime, layout_basic, uniq_duvessa
Temple:   dpeg_three_leaves_temple

Skill      XL: |  1  2  3  4  5  6  7  8  9 |
---------------+----------------------------+-----
Dodging        | 1 2 3 4 5 |  5.4
Maces & Flails | 4 5 6 7 8 |  8.4
Fighting       | 4 5 6 |  6.3
Armour         | 1 2 |  2.7
Spellcasting   | |  1.0
Fire Magic     | |  3.0

Action                   |  1- 3 |  4- 6 |  7- 9 || total
-------------------------+-------+-------+-------++-------
Melee: Mace              |    62 |   157 |    14 ||   233
       Punch             |     1 |     3 |     5 ||     9
       Flail             |       |     9 |   218 ||   227
Invok: Fiery Armour      |     1 |       |     3 ||     4
       Foxfire Swarm     |     1 |     1 |     1 ||     3
       Rising Flame      |       |     1 |       ||     1
  Use: Scroll            |       |     3 |     4 ||     7
       Potion            |       |       |     3 ||     3
Armor: Robe              |     8 |     2 |       ||    10
       Ring mail         |       |    68 |    80 ||   148
Dodge: Dodged            |    25 |    89 |   277 ||   391
